APP
SAN DIEGO (APP) PADRES @ MISSOULA OSPREY
10/24/2048
 
TOP OF THE 1ST
San Diego (APP) Padres batting - Pitching for Grand Junction Rockies : RHP Fabrizio Rovigo
Pitching: RHP Fabrizio Rovigo
Batting: RHB Luis Juarez 0-0: Foul Ball, location: 2F
0-1: Swinging Strike
0-2: Strikes out looking
Batting: SHB Justin Burkholder 0-0: Ball
1-0: Foul Ball, location: 2F
1-1: Called Strike
1-2: Foul Ball, location: 2F
1-2: Strikes out swinging
Batting: RHB Laroya Foronda 0-0: Ball
1-0: Foul Ball, location: 2F
1-1: Foul Ball, location: 2F
1-2: Strikes out swinging
Top of the 1st over - 0 runs, 0 hits, 0 errors, 0 left on base; San Diego (APP) 0 - Grand Junction 0
BOTTOM OF THE 1ST
Grand Junction Rockies batting - Pitching for San Diego (APP) Padres : RHP Ivan Marquez
Pitching: RHP Ivan Marquez
Batting: LHB Jordan Garcia 0-0: Ball
1-0: SINGLE (Groundball, 56D, EV 93.8 MPH)
Batting: SHB Ramiro Rendina 0-0: Ball
1-0: Foul Ball, location: 2F
1-1: Swinging Strike
Passed Ball!
Jordan Garcia to second
1-2: Foul Ball, location: 2F
1-2: Ball
2-2: Strikes out swinging
Batting: RHB Joe Robinson 0-0: Called Strike
0-1: Foul Ball, location: 2F
0-2: Ball
1-2: Strikes out swinging
Batting: RHB Heitor Bulho 0-0: Called Strike
0-1: Ball
1-1: Swinging Strike
1-2: Fly out, F9 (Flyball, 9D, EV 82.5 MPH)
Bottom of the 1st over - 0 runs, 1 hit, 0 errors, 1 left on base; San Diego (APP) 0 - Grand Junction 0
TOP OF THE 2ND
San Diego (APP) Padres batting - Pitching for Grand Junction Rockies : RHP Fabrizio Rovigo
Batting: RHB Luis Ramos 0-0: SINGLE (Groundball, 6MD, EV 96.9 MPH)
Batting: SHB Juan Luna 0-0: Ball
1-0: Foul Ball, location: 2F
1-1: Called Strike
1-2: Ball
2-2: Strikes out swinging
Batting: LHB Bobby Mohr 0-0: Ball
Luis Ramos is caught stealing 2nd base 2-6
1-0: Called Strike
1-1: Ball
2-1: Called Strike
2-2: Foul Ball, location: 2F
2-2: Foul Ball, location: 2F
2-2: Foul Ball, location: 2F
2-2: Strikes out swinging
Top of the 2nd over - 0 runs, 1 hit, 0 errors, 0 left on base; San Diego (APP) 0 - Grand Junction 0
BOTTOM OF THE 2ND
Grand Junction Rockies batting - Pitching for San Diego (APP) Padres : RHP Ivan Marquez
Batting: LHB Franklin Sanchez 0-0: Ball
1-0: Ball
2-0: Ball
3-0: Base on Balls
Batting: RHB Masahide Asano 0-0: SINGLE (Groundball, 34D, EV 99.4 MPH)
Franklin Sanchez to second
Runner from 2nd tries for 3rd, SAFE, throw by RF made to third
Batting: LHB Craig Tucker 0-0: Ball
1-0: Foul Ball, location: 2F
1-1: SINGLE (Groundball, 34D, EV 101.9 MPH)
Franklin Sanchez scores
Masahide Asano to second
Runner from 2nd tries for 3rd, SAFE, throw by RF made to third
Batting: RHB Pat Stovall 0-0: Called Strike
0-1: Called Strike
0-2: Strikes out looking
Batting: RHB Fabrizio Rovigo 0-0: Ball
1-0: Called Strike
1-1: SINGLE (Groundball, 5D, EV 100.0 MPH)
Masahide Asano scores
Craig Tucker to second
Batting: LHB Jordan Garcia 0-0: Called Strike
0-1: Foul Ball, location: 2F
0-2: Strikes out swinging
Batting: SHB Ramiro Rendina 0-0: Foul Ball, location: 2F
0-1: Foul Ball, location: 2F
0-2: Fly out, F8 (Line Drive, 8RD, EV 105.0 MPH)
Bottom of the 2nd over - 2 runs, 3 hits, 0 errors, 2 left on base; San Diego (APP) 0 - Grand Junction 2
TOP OF THE 3RD
San Diego (APP) Padres batting - Pitching for Grand Junction Rockies : RHP Fabrizio Rovigo
Batting: LHB Byron Carmichael 0-0: Called Strike
0-1: Ball
1-1: Foul Ball, location: 2F
1-2: Ball
2-2: Ball
3-2: Foul Ball, location: 2F
3-2: Foul Ball, location: 2F
3-2: Fly out, F7 (Flyball, 7S, EV 85.6 MPH)
Batting: LHB Justin Banner 0-0: Ball
1-0: Ball
2-0: Swinging Strike
2-1: Ball
3-1: Base on Balls
Batting: SHB Ivan Marquez 0-0: Bunted foul
0-1: Bunt missed!
0-2: Bunt missed, Strikeout!
Batting: RHB Luis Juarez 0-0: Ball
1-0: Called Strike
1-1: Swinging Strike
1-2: Fly out, F9 (Flyball, 9, EV 83.8 MPH)
Top of the 3rd over - 0 runs, 0 hits, 0 errors, 1 left on base; San Diego (APP) 0 - Grand Junction 2
BOTTOM OF THE 3RD
Grand Junction Rockies batting - Pitching for San Diego (APP) Padres : RHP Ivan Marquez
Batting: RHB Joe Robinson 0-0: Foul Ball, location: 2F
0-1: Ball
1-1: Ball
2-1: SOLO HOME RUN (Flyball, 78XD, EV 90.0 MPH), Distance : 439 ft
Batting: RHB Heitor Bulho 0-0: Swinging Strike
0-1: Ball
1-1: Called Strike
1-2: Strikes out swinging
Batting: LHB Franklin Sanchez 0-0: Called Strike
0-1: Swinging Strike
0-2: SINGLE (Groundball, 34D, EV 99.4 MPH)
Batting: RHB Masahide Asano 0-0: Swinging Strike
0-1: SINGLE (Line Drive, 89S, EV 100.0 MPH)
Franklin Sanchez to second
Runner from 2nd tries for 3rd, SAFE, throw by RF made to third
Batting: LHB Craig Tucker 0-0: Called Strike
0-1: DOUBLE (Line Drive, 89M, EV 105.0 MPH)
Franklin Sanchez scores
Masahide Asano to third
Batting: RHB Pat Stovall 0-0: Fly out, F2 (Popup, 23F, EV 87.5 MPH)
Batting: RHB Fabrizio Rovigo 0-0: Called Strike
0-1: Foul Ball, location: 2F
0-2: Ball
1-2: Ground out 3-1 (Groundball, 34, EV 108.1 MPH)
Bottom of the 3rd over - 2 runs, 4 hits, 0 errors, 2 left on base; San Diego (APP) 0 - Grand Junction 4
TOP OF THE 4TH
San Diego (APP) Padres batting - Pitching for Grand Junction Rockies : RHP Fabrizio Rovigo
Batting: SHB Justin Burkholder 0-0: Called Strike
0-1: Ball
1-1: Swinging Strike
1-2: Ball
2-2: Foul Ball, location: 2F
2-2: SINGLE (Line Drive, 34, EV 103.1 MPH)
Batting: RHB Laroya Foronda 0-0: Foul Ball, location: 2F
0-1: Swinging Strike
0-2: Strikes out swinging
Batting: RHB Luis Ramos 0-0: Ball
1-0: Ball
2-0: Swinging Strike
2-1: Called Strike
2-2: Strikes out looking
Batting: SHB Juan Luna 0-0: Ball
1-0: Fly out, F7 (Flyball, 78D, EV 96.3 MPH)
Top of the 4th over - 0 runs, 1 hit, 0 errors, 1 left on base; San Diego (APP) 0 - Grand Junction 4
BOTTOM OF THE 4TH
Grand Junction Rockies batting - Pitching for San Diego (APP) Padres : RHP Ivan Marquez
Batting: LHB Jordan Garcia 0-0: Ground out 1-3 (Groundball, 13S, EV 68.8 MPH)
Batting: SHB Ramiro Rendina 0-0: Ball
1-0: Ball
2-0: Swinging Strike
2-1: Ball
3-1: Base on Balls
Batting: RHB Joe Robinson 0-0: Ball
Wild Pitch!
Ramiro Rendina to second
1-0: Ball
Ramiro Rendina steals 3rd base
2-0: Ball
3-0: Called Strike
3-1: Base on Balls
Batting: RHB Heitor Bulho 0-0: Ball
1-0: Ball
2-0: Called Strike
2-1: Called Strike
2-2: Foul Ball, location: 2F
2-2: Ball
Passed Ball!
Ramiro Rendina scores
Joe Robinson to second
3-2: 2-RUN HOME RUN (Line Drive, 7D, EV 103.8 MPH), Distance : 394 ft
Pitching: RHP Ashley Adams
Batting: LHB Franklin Sanchez 0-0: Called Strike
0-1: Ball
1-1: Ground out U3 (Groundball, 3, EV 85.0 MPH)
Batting: RHB Masahide Asano 0-0: Fly out, F8 (Line Drive, 8LM, EV 90.6 MPH)
Bottom of the 4th over - 3 runs, 1 hit, 0 errors, 0 left on base; San Diego (APP) 0 - Grand Junction 7
TOP OF THE 5TH
San Diego (APP) Padres batting - Pitching for Grand Junction Rockies : RHP Fabrizio Rovigo
Batting: LHB Bobby Mohr 0-0: Ball
1-0: Called Strike
1-1: Swinging Strike
1-2: Foul Ball, location: 2F
1-2: Ball
2-2: Ball
3-2: Base on Balls
Batting: LHB Byron Carmichael 0-0: Called Strike
0-1: Fielders Choice at 2nd, 6-4 (Groundball, 6, EV 97.5 MPH)
Batting: LHB Justin Banner 0-0: Called Strike
0-1: Ball
1-1: Called Strike
1-2: SINGLE (Groundball, 6MD, EV 98.1 MPH)
Byron Carmichael to second
Batting: RHB Ashley Adams 0-0: Bunt missed!
0-1: Bunt missed!
0-2: Bunt missed, Strikeout!
Batting: RHB Luis Juarez 0-0: Ball
Wild Pitch!
Byron Carmichael to third
Justin Banner to second
1-0: Ball
2-0: Foul Ball, location: 2F
2-1: Foul Ball, location: 2F
2-2: Ball
3-2: Base on Balls
Pitching: RHP Willie Sotelo
Batting: SHB Justin Burkholder 0-0: Ball
1-0: Fly out, F3 (Popup, 3F, EV 66.9 MPH)
Top of the 5th over - 0 runs, 1 hit, 0 errors, 3 left on base; San Diego (APP) 0 - Grand Junction 7
BOTTOM OF THE 5TH
Grand Junction Rockies batting - Pitching for San Diego (APP) Padres : RHP Ashley Adams
Batting: LHB Craig Tucker 0-0: Ground out 6-3 (Groundball, 6, EV 87.5 MPH)
Batting: RHB Pat Stovall 0-0: Foul Ball, location: 2F
0-1: Fly out, F8 (Line Drive, 8RD, EV 93.8 MPH)
Batting: RHB Willie Sotelo 0-0: Called Strike
0-1: Called Strike
0-2: Ball
1-2: Strikes out looking
Bottom of the 5th over - 0 runs, 0 hits, 0 errors, 0 left on base; San Diego (APP) 0 - Grand Junction 7
TOP OF THE 6TH
San Diego (APP) Padres batting - Pitching for Grand Junction Rockies : RHP Willie Sotelo
Batting: RHB Laroya Foronda 0-0: Called Strike
0-1: Foul Ball, location: 2F
0-2: Strikes out swinging
Batting: RHB Luis Ramos 0-0: Foul Ball, location: 2F
0-1: Fly out, F9 (Flyball, 9LS, EV 90.6 MPH)
Batting: SHB Juan Luna 0-0: Called Strike
0-1: Ball
1-1: Ground out 4-3 (Groundball, 34D, EV 106.3 MPH)
Top of the 6th over - 0 runs, 0 hits, 0 errors, 0 left on base; San Diego (APP) 0 - Grand Junction 7
BOTTOM OF THE 6TH
Grand Junction Rockies batting - Pitching for San Diego (APP) Padres : RHP Ashley Adams
Batting: LHB Jordan Garcia 0-0: Ball
1-0: Ball
2-0: Called Strike
2-1: Ball
3-1: Called Strike
3-2: Base on Balls
Batting: SHB Ramiro Rendina 0-0: Ball
1-0: Ball
2-0: Ball
Passed Ball!
Jordan Garcia to second
3-0: Called Strike
3-1: Base on Balls
Batting: RHB Joe Robinson 0-0: Ball
Passed Ball!
Jordan Garcia to third
Ramiro Rendina to second
1-0: Called Strike
1-1: Ball
2-1: Foul Ball, location: 2F
2-2: Fly out, F8 (Flyball, 8LS, EV 93.1 MPH)
Batting: RHB Heitor Bulho 0-0: Swinging Strike
Passed Ball!
Jordan Garcia scores
Ramiro Rendina to third
0-1: Swinging Strike
0-2: Fly out, F9 (Line Drive, 9, EV 84.4 MPH)
Batting: LHB Franklin Sanchez 0-0: Called Strike
0-1: Foul Ball, location: 2F
0-2: Ball
Passed Ball!
Ramiro Rendina scores
1-2: Ball
2-2: Ball
3-2: Base on Balls
Batting: RHB Masahide Asano 0-0: Ball
1-0: Ball
2-0: Ball
3-0: Base on Balls
Franklin Sanchez to second
Batting: LHB Craig Tucker 0-0: Ball
1-0: Called Strike
1-1: Ball
2-1: Ball
3-1: Ground out 6-3 (Groundball, 56, EV 83.8 MPH)
Bottom of the 6th over - 2 runs, 0 hits, 0 errors, 2 left on base; San Diego (APP) 0 - Grand Junction 9
TOP OF THE 7TH
San Diego (APP) Padres batting - Pitching for Grand Junction Rockies : RHP Willie Sotelo
Batting: LHB Bobby Mohr 0-0: Ball
1-0: Called Strike
1-1: Called Strike
1-2: Foul Ball, location: 2F
1-2: Ball
2-2: Ground out 4-3 (Groundball, 34D, EV 105.6 MPH)
Batting: LHB Byron Carmichael 0-0: Ball
1-0: Fly out, F8 (Flyball, 8RM, EV 84.4 MPH)
Batting: LHB Justin Banner 0-0: Ball
1-0: Called Strike
1-1: Ball
2-1: Swinging Strike
2-2: Strikes out swinging
Top of the 7th over - 0 runs, 0 hits, 0 errors, 0 left on base; San Diego (APP) 0 - Grand Junction 9
BOTTOM OF THE 7TH
Grand Junction Rockies batting - Pitching for San Diego (APP) Padres : RHP Ashley Adams
Batting: RHB Pat Stovall 0-0: DOUBLE (Groundball, 5L, EV 102.5 MPH)
Batting: RHB Willie Sotelo 0-0: Bunted foul
0-1: Bunt missed!
0-2: Sac Bunt to 2L - play at first, batter OUT! 2-4
Pat Stovall to third
Pitching: RHP Danny Casillas
Batting: LHB Jordan Garcia 0-0: Called Strike
0-1: Called Strike
0-2: SINGLE (Flyball, 8LS, EV 95.0 MPH)
Pat Stovall scores
Batting: SHB Ramiro Rendina 0-0: Ball
1-0: Ball
2-0: Foul Ball, location: 2F
2-1: Ball
3-1: Base on Balls
Jordan Garcia to second
Batting: RHB Joe Robinson 0-0: Foul Ball, location: 2F
0-1: Foul Ball, location: 2F
0-2: Fly out, F9 (Flyball, 9LS, EV 87.5 MPH)
Batting: RHB Heitor Bulho 0-0: Foul Ball, location: 2F
0-1: Called Strike
0-2: Ball
1-2: Ball
2-2: Ball
3-2: SINGLE (Groundball, 4S, EV 81.9 MPH) (infield hit)
Jordan Garcia to third
Ramiro Rendina to second
Batting: LHB Franklin Sanchez 0-0: Foul Ball, location: 2F
0-1: Foul Ball, location: 2F
0-2: Foul Ball, location: 2F
0-2: Strikes out swinging
Bottom of the 7th over - 1 run, 3 hits, 0 errors, 3 left on base; San Diego (APP) 0 - Grand Junction 10
TOP OF THE 8TH
San Diego (APP) Padres batting - Pitching for Grand Junction Rockies : RHP Willie Sotelo
Batting: RHB Danny Casillas 0-0: Ball
1-0: Swinging Strike
1-1: Called Strike
1-2: Foul Ball, location: 2F
1-2: Strikes out swinging
Batting: RHB Luis Juarez 0-0: Swinging Strike
0-1: Ball
1-1: Foul Ball, location: 2F
1-2: Ball
2-2: Foul Ball, location: 2F
2-2: Strikes out looking
Batting: SHB Justin Burkholder 0-0: Ball
1-0: SOLO HOME RUN (Flyball, 7D, EV 91.9 MPH), Distance : 370 ft
Batting: RHB Laroya Foronda 0-0: Ball
1-0: Ball
2-0: Called Strike
2-1: TRIPLE (Flyball, 78XD, EV 94.4 MPH)
Batting: RHB Luis Ramos 0-0: Ball
1-0: SINGLE (Line Drive, 89S, EV 93.8 MPH)
Laroya Foronda scores
Batting: SHB Juan Luna 0-0: Called Strike
0-1: Foul Ball, location: 2F
0-2: Ball
1-2: Ball
2-2: Fielders Choice at 2nd, 6-4 (Groundball, 6, EV 85.6 MPH)
Top of the 8th over - 2 runs, 3 hits, 0 errors, 1 left on base; San Diego (APP) 2 - Grand Junction 10
BOTTOM OF THE 8TH
Grand Junction Rockies batting - Pitching for San Diego (APP) Padres : RHP Danny Casillas
Batting: RHB Masahide Asano 0-0: Ball
1-0: Foul Ball, location: 2F
1-1: Ball
2-1: Ground out 6-3 (Groundball, 6, EV 103.8 MPH)
Batting: LHB Craig Tucker 0-0: Ball
1-0: SINGLE (Groundball, 4MD, EV 94.4 MPH)
Batting: RHB Pat Stovall 0-0: Ball
Wild Pitch!
Craig Tucker to second
1-0: Called Strike
1-1: Swinging Strike
1-2: Strikes out looking
Pinch Hitting: RHB Elliott Burke 0-0: Ball
1-0: DOUBLE (Flyball, 89D, EV 103.1 MPH)
Craig Tucker scores
Batting: LHB Jordan Garcia 0-0: Foul Ball, location: 2F
0-1: Hit by Pitch
Batting: SHB Ramiro Rendina 0-0: Ball
Passed Ball!
Elliott Burke to third
Jordan Garcia to second
1-0: Called Strike
1-1: Foul Ball, location: 2F
1-2: Foul Ball, location: 2F
1-2: Foul Ball, location: 2F
1-2: Ball
2-2: Ball
3-2: SINGLE (Groundball, 4MD, EV 99.4 MPH)
Elliott Burke scores
Jordan Garcia to third
Jordan Garcia scores
Batting: RHB Joe Robinson 0-0: Ball
1-0: Ball
2-0: DOUBLE (Line Drive, 7LM, EV 108.1 MPH)
Ramiro Rendina to third
Runner from 3rd tries for Home, SAFE, throw by LF to home
Batting: RHB Heitor Bulho 0-0: Ground out 1-3 (Groundball, 34S, EV 88.1 MPH)
Bottom of the 8th over - 4 runs, 4 hits, 0 errors, 1 left on base; San Diego (APP) 2 - Grand Junction 14
TOP OF THE 9TH
San Diego (APP) Padres batting - Pitching for Grand Junction Rockies : RHP Willie Sotelo
Pitching: RHP Naoto Sekine
Batting: LHB Bobby Mohr 0-0: Ground out U3 (Groundball, 34S, EV 68.1 MPH)
Batting: LHB Byron Carmichael 0-0: Called Strike
0-1: Swinging Strike
0-2: Ball
1-2: Ball
2-2: Foul Ball, location: 2F
2-2: Foul Ball, location: 2F
2-2: Strikes out swinging
Batting: LHB Justin Banner 0-0: Ball
1-0: Called Strike
1-1: Ball
2-1: Swinging Strike
2-2: Ball
3-2: Foul Ball, location: 2F
3-2: Strikes out looking
Top of the 9th over - 0 runs, 0 hits, 0 errors, 0 left on base; San Diego (APP) 2 - Grand Junction 14
Tuesday, March 28th , 2023 - OOTP Baseball 23.10 Build 110